 Dungeon Crawl Stone Soup version 0.29.0-4-gdea44cf6ec (webtiles) character file.

Game seed: 9567260658094804071

2 qw the Sneak (level 1, 0/14 HPs)
             Began as a Gargoyle Delver on Sept 10, 2022.
             Slain by an orc
             ... wielding a +0 mace
              (2 damage)
             ... on level 3 of the Dungeon.
             The game lasted 00:00:06 (410 turns).

qw the Sneak (Gargoyle Delver)                       Turns: 410, Time: 00:00:07

Health: 0/14       AC:  7    Str: 15    XL:     1   Next: 40%
Magic:  1/1        EV: 10    Int: 10    God:
Gold:   0          SH:  0    Dex: 11    Spells: 0/0 levels left

rFire   . . .      SeeInvis .   a - +0 hand axe
rCold   . . .      Faith    .   (no shield)
rNeg    + . .      Spirit   .   d - +0 ring mail
rPois   inf        Reflect  .   (no helmet)
rElec   +          Harm     .   (no cloak)
rCorr   .          Rampage  .   (no gloves)
Will    .....                   (no boots)
Stlth   ++........              (no amulet)
HPRegen 0.04/turn               (no ring)
MPRegen 0.07/turn               (no ring)

@: no status effects
A: sickness immunity, AC +2, negative energy resistance 1, electricity
resistance, torment resistance 1, petrification resistance
a: no special abilities


You were on level 3 of the Dungeon.
You visited 1 branch of the dungeon, and saw 3 of its levels.


Innate Abilities, Weirdness & Mutations

You are immune to sickness and miasma.
Your stone body is resilient. (AC +2)
You are immune to poison.
You resist negative energy. (rN+)
You are resistant to electric shocks. (rElec)
You are resistant to unholy torment.
You are immune to petrification.


   Skills:
 - Level 3.2 Fighting
 + Level 2.0 Axes
 - Level 1.5 Dodging
 - Level 5.4 Stealth


You couldn't memorise any spells.
You didn't know any spells.
Your spell library was empty.

Inventory:

Hand Weapons
 a - a +0 hand axe (weapon)
 c - a +0 club
Armour
 d - a +0 ring mail (worn)
Wands
 g - a wand of digging (3)
Potions
 f - a potion of haste

Dungeon Overview and Level Annotations

Branches:
Dungeon (5/15)
 Temple: D:4-7

Altars:


Message History

You start resting.
HP restored. 2 orcs come into view.
An orc is wielding a +0 trident of venom.
297 ||| Stepping ~*~*~tactically~*~*~ (hiding).
You start waiting.
Done waiting.
The orc shouts!
399 ||| Stepping ~*~*~tactically~*~*~ (hiding).
You start waiting.
An orc is nearby!
An orc comes into view. It is wielding a +0 mace.
The orc hits you from afar with a +0 trident of venom.
The orc moves out of view.
The orc barely misses you.
The orc shouts! x2
You hit the orc but do no damage. The orc barely misses you.
You hit the orc but do no damage. The orc hits you but does no damage.
You closely miss the orc. You hit the orc but do no damage. The orc misses you.
The orc hits you but does no damage. The orc closely misses you.
The orc hits you but does no damage.
You hit the orc.
The orc is moderately wounded.
You hit the orc but do no damage. The orc hits you but does no damage.
The orc hits you with a +0 mace.
You barely miss the orc.
The orc is moderately wounded.
You closely miss the orc.
The orc hits you with a +0 trident of venom.
An endoplasm comes into view.
The orc hits you with a +0 mace.
The endoplasm quivers.
You hit the orc but do no damage.
The orc is moderately wounded.
You barely miss the orc.
The orc hits you with a +0 trident of venom.
The orc hits you with a +0 mace.
You die...

7############
7....>.......
7####.#######
#@# 7....oo#
#.....o#
#......#
#......#
#......#
#.....J#
#......#


You could see 3 orcs and an endoplasm.

Vanquished Creatures
  A goblin (D:4)
  A quokka (D:3)
2 creatures vanquished.

Notes
Turn   | Place    | Note
-------+----------+-------------------------------------------
     0 | D:5      | qw the Gargoyle Delver began the quest for the Orb.
     0 | D:5      | Reached XP level 1. HP: 14/14 MP: 1/1
     0 | D:5      | 0 ||| qw: Version: 0.1-a-116-g5d60599
     0 | D:5      | 0 ||| qw: Game counter: 8108
     0 | D:5      | 0 ||| qw: Always use a shield: true
     0 | D:5      | 0 ||| qw: God list: Okawaru
     0 | D:5      | 0 ||| qw: Allow faded altars: false
     0 | D:5      | 0 ||| qw: Do Orc after D:15 true
     0 | D:5      | 0 ||| qw: Do second Lair branch before Depths: true
     0 | D:5      | 0 ||| qw: Lair rune preference: random
     0 | D:5      | 0 ||| qw: Plans: Normal
     0 | D:5      | 0 ||| PLANNING D:1-11
     0 | D:5      | 0 ||| DROPPING scroll of fog.
     1 | D:5      | 1 ||| DROPPING scroll of magic mapping.
     2 | D:5      | 2 ||| DROPPING scroll of fear.
    56 | D:4      | 56 ||| UPGRADING to +0 ring mail.
    66 | D:4      | 66 ||| DROPPING +0 leather armour.
   297 | D:3      | 297 ||| Stepping ~*~*~tactically~*~*~ (hiding).
   399 | D:3      | 399 ||| Stepping ~*~*~tactically~*~*~ (hiding).
   409 | D:3      | HP: 3/14 [orc/+0 mace (3)]
   410 | D:3      | Slain by an orc

Levels and vault maps discovered:
D:3:      layout_basic, shapermc_ecumenical_altar_totnotflames, uniq_natasha
D:4:      layout_loops_ring, kennysheep_little_box
D:5:      layout_basic, amcnicky_altar_gilded, minmay_temple_entry_stoned_glass

Skill      XL: |  1 |
---------------+----+-----
Axes           | 2 |  2.0
Fighting       | |  3.2
Dodging        | |  1.5
Stealth        | |  5.4

Action                   || total
-------------------------++-------
Melee: Hand axe          ||    30
       Punch             ||     2
Armor: Ring mail         ||    12
Dodge: Dodged            ||    21

Table legend:
 A = Non-vault XP
 B = Vault XP
 C = Vault XP percentage of total XP
 D = Non-vault monster count
 E = Vault monster count
 F = Vault count percentage of total count
                 A         B        C        D         E       F
            +---------+---------+-------+---------+---------+-------
      Total |       4 |       0 |   0.0 |       2 |       0 |   0.0
            +---------+---------+-------+---------+---------+-------
        D:3 |       2 |       0 |   0.0 |       1 |       0 |   0.0
        D:4 |       2 |       0 |   0.0 |       1 |       0 |   0.0
            +---------+---------+-------+---------+---------+-------
